 Dungeon Sprint DCSS version 0.19-a0-49-gb8736b8 (webtiles) character file.

518 Mefis the Blocker (level 7, 0/70 HPs)
             Began as a Minotaur Fighter on May 6, 2016.
             Was a Follower of Jiyva.
             Slain by Sonja
             ... wielding a +0 dagger of distortion
              (2 damage)
             ... in the Dungeon (Sprint I: "Red Sonja").
             The game lasted 00:02:19 (556 turns).

Mefis the Blocker (Minotaur Fighter)                 Turns: 556, Time: 00:02:21

Health: 0/70       AC:  8    Str: 22    XL:     7   Next: 1%
Magic:  6/6        EV: 10    Int:  5    God:    Jiyva [*.....]
Gold:   162        SH: 12    Dex: 10    Spells: 0 memorised, 6 levels left

rFire  . . .     SeeInvis .     a - +0 long sword
rCold  . . .     Gourm    .     b - +0 scale mail
rNeg   . . .     Faith    .     c - +0 shield
rPois  .         Spirit   .     (helmet restricted)
rElec  .         Dismiss  .     (no cloak)
rCorr  .         Reflect  .     (no gloves)
SustAt .         Harm     .     (no boots)
MR     .....     NoTele   +     (no amulet)
Stlth  ..........               (no ring)
                                (no ring)

@: lethally poisoned (0 -> -4), slowed, very slow, not resistant to hostile
enchantments, extremely unstealthy
A: retaliatory headbutt, horns 2
a: Request Jelly, Renounce Religion


You were in the Dungeon.
You worshipped Jiyva.
Jiyva was aware of your devotion.
You were not hungry.

You visited 1 branch You collected 162 gold pieces.

Inventory:

Hand Weapons
 a - a +0 long sword (weapon)
 j - a +2 scythe of freezing
Armour
 b - a +0 scale mail (worn)
 c - a +0 shield (worn)
 l - a +0 ring mail
Scrolls
 k - a scroll of blinking
Potions
 d - a potion of might
 e - a potion of curing
 g - a potion of heal wounds
 h - a potion of haste
 i - 2 potions of magic
Comestibles
 f - a bread ration


   Skills:
 + Level 9.5 Fighting
 + Level 5.9 Long Blades
 + Level 10.5 Armour
 + Level 3.2 Dodging
 + Level 10.6 Shields


You had 6 spell levels left.
You didn't know any spells.

Dungeon Overview and Level Annotations

Branches:
Dungeon (1/1)

Altars:
Cheibriados
Dithmenos
Elyvilon
Fedhas
Gozag
Kikubaaqudgha
Makhleb
Nemelex Xobeh
Okawaru
Pakellas
Qazlal
Ru
Sif Muna
Trog
Vehumet
Xom
Yredelemnul
Zin
The Shining One
Jiyva

Shops:
D :

Annotations:
D Sonja


Innate Abilities, Weirdness & Mutations

You reflexively headbutt those who attack you in melee.
You have a pair of horns on your head.


Message History

Sonja hits you but does no damage. Space bends around you.
You block Sonja's attack.
Sonja hits you with an uncursed dagger of distortion.
* * * LOW HITPOINT WARNING * * *
Space warps horribly around you!
* * * LOW HITPOINT WARNING * * *
Sonja hits you but does no damage. Space bends around you.
* * * LOW HITPOINT WARNING * * *
* * * LOW HITPOINT WARNING * * *
You feel sick.
Sonja mumbles some strange words.
Sonja blinks!
Sonja barely misses you. Sonja hits you but does no damage. x2
You see here a curare-tipped needle.
You closely miss Sonja.
Sonja is heavily wounded.
* * * LOW HITPOINT WARNING * * *
You feel sick. You block Sonja's attack. Sonja closely misses you.
Sonja barely misses you. Sonja closely misses you.
Sonja hits you but does no damage. Space bends around you.
You die...

###################
#<.#..').#..'..#__#
#..').#..'[.#..'..+
#..#####'#####.#__#
#..####..# #.####
#..#__#### ##.#
#..#_.___##+#..+
#⌠⌠#_.∩...†..K_#
####_..._##_@#+#
#_____###'# #######
#§# $.$ #$.$# ##.##
#+#


You could see Sonja.

Vanquished Creatures
  A slime creature (D)
  Sigmund (D)
  A yak (D)
  An ogre (D)
  Ijyb (D)
5 creatures vanquished.

Vanquished Creatures (others)
  A jelly (D)
1 creature vanquished.

Grand Total: 6 creatures vanquished

Notes
Turn   | Place    | Note
--------------------------------------------------------------
     0 | D        | Mefis the Minotaur Fighter began the quest for the Orb.
     0 | D        | Reached XP level 1. HP: 19/19 MP: 0/0
     1 | D        | Noticed Ijyb
    18 | D        | Killed Ijyb
    18 | D        | Reached skill level 5 in Armour
    18 | D        | Reached skill level 5 in Shields
    18 | D        | Reached XP level 2. HP: 21/28 MP: 1/1
    98 | D        | Noticed an ogre
   104 | D        | Killed an ogre
   104 | D        | Reached skill level 1 in Dodging
   104 | D        | Reached XP level 3. HP: 17/38 MP: 2/2
   104 | D        | Reached XP level 4. HP: 20/45 MP: 3/3
   415 | D        | Noticed Sigmund
   425 | D        | Killed Sigmund
   425 | D        | Reached skill level 5 in Long Blades
   425 | D        | Reached XP level 5. HP: 31/53 MP: 4/4
   425 | D        | Reached XP level 6. HP: 36/61 MP: 5/5
   435 | D        | Found a snail-covered altar of Cheibriados.
   435 | D        | Found a shadowy altar of Dithmenos.
   435 | D        | Noticed a slime creature
   436 | D        | Found a viscous altar of Jiyva.
   436 | D        | Found a blossoming altar of Fedhas.
   443 | D        | Killed a slime creature
   443 | D        | Reached skill level 10 in Armour
   443 | D        | Reached skill level 10 in Shields
   449 | D        | Became a worshipper of Jiyva Jojas the Shapeless
   525 | D        | Found a deep blue altar of Sif Muna.
   530 | D        | Found a radiant altar of Vehumet.
   532 | D        | Found a stormy altar of Qazlal.
   532 | D        | Noticed a yak
   533 | D        | Found Onkiottan's Book Emporium.
   533 | D        | Found a burning altar of Makhleb.
   533 | D        | Found a sacrificial altar of Ru.
   533 | D        | Found an oddly glowing altar of Pakellas.
   534 | D        | Found a shimmering altar of Xom.
   534 | D        | Found an opulent altar of Gozag.
   535 | D        | Found a white marble altar of Elyvilon.
   535 | D        | Found a basalt altar of Yredelemnul.
   535 | D        | Found a glowing golden altar of the Shining One.
   535 | D        | Found a sparkling altar of Nemelex Xobeh.
   535 | D        | Found an ancient bone altar of Kikubaaqudgha.
   535 | D        | Found a glowing silver altar of Zin.
   537 | D        | Killed a yak
   537 | D        | Reached XP level 7. HP: 50/70 MP: 6/6
   538 | D        | Found an iron altar of Okawaru.
   539 | D        | Found a bloodstained altar of Trog.
   540 | D        | Reached * piety under Jiyva
   551 | D        | Noticed Sonja
   554 | D        | HP: 3/70 [Sonja/uncursed dagger of distortion (5)]
   556 | D        | Slain by Sonja

Vault maps used:
D:        dungeon_sprint_1

Skill      XL: |  1  2  3  4  5  6 |
---------------+-------------------+-----
Fighting       | 4 6 8 9 |  9.5
Long Blades    | 3 5 |  5.9
Armour         | 5 6 8 10 | 10.5
Shields        | 5 7 9 10 | 10.6
Dodging        | 1 2 3 |  3.2

Action                   |  1- 3 |  4- 6 |  7- 9 || total
-------------------------+-------+-------+-------++-------
Melee: Long sword        |    20 |    17 |     3 ||    40
       Headbutt          |     4 |     8 |       ||    12
  Use: Potion            |     1 |       |       ||     1
Armor: Scale mail        |     8 |     3 |     6 ||    17
Dodge: Dodged            |     5 |     5 |     8 ||    18
Block: Shield            |     7 |     4 |     6 ||    17
